| TOP OF THE 1ST |
|
Great Falls Voyagers batting - Pitching for Burlington Royals : RHP Steve Ryals
|
|
Pitching: RHP Steve Ryals
|
|
|
Batting: RHB Kasey Bland
|
0-0: Ball 1-0: Called Strike 1-1: Ball 2-1: Called Strike 2-2: Foul Ball, location: 2F 2-2: Foul Ball, location: 2F 2-2: Ball 3-2: Base on Balls
|
|
Batting: RHB Duncan Collins
|
0-0: Called Strike Kasey Bland steals 2nd base 0-1: Foul Ball, location: 2F 0-2: Strikes out swinging
|
|
Batting: LHB Josh Pittman
|
0-0: Called Strike Kasey Bland steals 3rd base 0-1: Foul Ball, location: 2F 0-2: Strikes out swinging
|
|
Batting: LHB Carlos Ramirez
|
0-0: Ball 1-0: Foul Ball, location: 2F 1-1: Foul Ball, location: 2F 1-2: Foul Ball, location: 2F 1-2: Ball 2-2: Fly out, F8 (Flyball, 8RXD, EV 93.8 MPH)
|
| Top of the 1st over - 0 runs, 0 hits, 0 errors, 1 left on base; Great Falls 0 - Burlington 0 |
| BOTTOM OF THE 1ST |
|
Burlington Royals batting - Pitching for Great Falls Voyagers : LHP David Schultz
|
|
Pitching: LHP David Schultz
|
|
|
Batting: RHB Tim Persson
|
0-0: Ball 1-0: Foul Ball, location: 2F 1-1: Called Strike 1-2: Ground out 4-3 (Groundball, 34, EV 95.0 MPH)
|
|
Batting: LHB Ernesto Abreu
|
0-0: Called Strike 0-1: Ground out U3 (Groundball, 34, EV 103.1 MPH)
|
|
Batting: SHB Manny Berrones
|
0-0: Foul Ball, location: 2F 0-1: Ball 1-1: Foul Ball, location: 2F 1-2: Ball 2-2: Ground out 5-3 (Groundball, 56S, EV 88.8 MPH)
|
| Bottom of the 1st over - 0 runs, 0 hits, 0 errors, 0 left on base; Great Falls 0 - Burlington 0 |
| TOP OF THE 2ND |
|
Great Falls Voyagers batting - Pitching for Burlington Royals : RHP Steve Ryals
|
|
Batting: RHB Josh Newby
|
0-0: Swinging Strike 0-1: Swinging Strike 0-2: Foul Ball, location: 2F 0-2: Strikes out swinging
|
|
Batting: RHB Chris LaMore
|
0-0: Ball 1-0: Ball 2-0: Swinging Strike 2-1: Swinging Strike 2-2: Ball 3-2: Foul Ball, location: 2F 3-2: Base on Balls
|
|
Batting: SHB Jose Romo
|
0-0: Foul Ball, location: 2F 0-1: Ball 1-1: Called Strike 1-2: Ball 2-2: Fielders Choice at 2nd, 4-6 (Groundball, 4, EV 88.1 MPH)
|
|
Batting: RHB Billy Grubbs
|
0-0: Ball Jose Romo is caught stealing 2nd base 2-4
|
| Top of the 2nd over - 0 runs, 0 hits, 0 errors, 0 left on base; Great Falls 0 - Burlington 0 |
| BOTTOM OF THE 2ND |
|
Burlington Royals batting - Pitching for Great Falls Voyagers : LHP David Schultz
|
|
Batting: SHB Danny Ballenger
|
0-0: Ball 1-0: Foul Ball, location: 2F 1-1: Ball 2-1: Ball 3-1: Foul Ball, location: 2F 3-2: Foul Ball, location: 2F 3-2: Foul Ball, location: 2F 3-2: Foul Ball, location: 2F 3-2: Strikes out swinging
|
|
Batting: LHB Bobby Gonzalez
|
0-0: Swinging Strike 0-1: Foul Ball, location: 2F 0-2: Ball 1-2: Ground out 4-3 (Groundball, 4, EV 105.0 MPH)
|
|
Batting: RHB Rob Ward
|
0-0: Ball 1-0: Foul Ball, location: 2F 1-1: Swinging Strike 1-2: Ball 2-2: Foul Ball, location: 2F 2-2: Strikes out swinging
|
| Bottom of the 2nd over - 0 runs, 0 hits, 0 errors, 0 left on base; Great Falls 0 - Burlington 0 |
| TOP OF THE 3RD |
|
Great Falls Voyagers batting - Pitching for Burlington Royals : RHP Steve Ryals
|
|
Batting: RHB Billy Grubbs
|
0-0: Ground out 4-3 (Groundball, 4, EV 103.1 MPH)
|
|
Batting: RHB Juan Tovar
|
0-0: Ball 1-0: Fly out, F8 (Line Drive, 8LM, EV 95.6 MPH)
|
|
Batting: RHB Kasey Bland
|
0-0: Foul Ball, location: 2F 0-1: SINGLE (Groundball, 6S, EV 65.0 MPH) (infield hit)
|
|
Batting: RHB Duncan Collins
|
0-0: Ball 1-0: Ball 2-0: Foul Ball, location: 2F 2-1: Fly out, F4 (Line Drive, 4, EV 68.1 MPH)
|
| Top of the 3rd over - 0 runs, 1 hit, 0 errors, 1 left on base; Great Falls 0 - Burlington 0 |
| BOTTOM OF THE 3RD |
|
Burlington Royals batting - Pitching for Great Falls Voyagers : LHP David Schultz
|
|
Batting: SHB Marcos Cortez
|
0-0: Foul Ball, location: 2F 0-1: Ball 1-1: Ball 2-1: Foul Ball, location: 2F 2-2: Foul Ball, location: 2F 2-2: Strikes out swinging
|
|
Batting: RHB Shane Bruce
|
0-0: Ball 1-0: Fly out, F2 (Popup, 3SF, EV 81.9 MPH)
|
|
Batting: RHB Matthew Orphan
|
0-0: Ball 1-0: Foul Ball, location: 2F 1-1: Ground out 6-3 (Groundball, 6, EV 103.8 MPH)
|
| Bottom of the 3rd over - 0 runs, 0 hits, 0 errors, 0 left on base; Great Falls 0 - Burlington 0 |
| TOP OF THE 4TH |
|
Great Falls Voyagers batting - Pitching for Burlington Royals : RHP Steve Ryals
|
|
Batting: LHB Josh Pittman
|
0-0: Ball 1-0: Swinging Strike 1-1: Swinging Strike 1-2: Strikes out swinging
|
|
Batting: LHB Carlos Ramirez
|
0-0: Called Strike 0-1: Foul Ball, location: 2F 0-2: SINGLE (Groundball, 6MD, EV 101.9 MPH)
|
|
Batting: RHB Josh Newby
|
0-0: Ball 1-0: Ball 2-0: Ball 3-0: Base on Balls Carlos Ramirez to second
|
|
Batting: RHB Chris LaMore
|
0-0: Ball 1-0: Called Strike 1-1: Foul Ball, location: 2F 1-2: Ball 2-2: Hit by Pitch Carlos Ramirez to third Josh Newby to second
|
|
Batting: SHB Jose Romo
|
0-0: Called Strike 0-1: Swinging Strike 0-2: Foul Ball, location: 2F 0-2: Strikes out swinging
|
|
Batting: RHB Billy Grubbs
|
0-0: Ball Wild Pitch! Carlos Ramirez scores Josh Newby to third Chris LaMore to second 1-0: Ground out 6-3 (Groundball, 6, EV 93.1 MPH)
|
| Top of the 4th over - 1 run, 1 hit, 0 errors, 2 left on base; Great Falls 1 - Burlington 0 |
| BOTTOM OF THE 4TH |
|
Burlington Royals batting - Pitching for Great Falls Voyagers : LHP David Schultz
|
|
Batting: RHB Tim Persson
|
0-0: Swinging Strike 0-1: Ground out 5-3 (Groundball, 56, EV 99.4 MPH)
|
|
Batting: LHB Ernesto Abreu
|
0-0: Called Strike 0-1: Ball 1-1: Swinging Strike 1-2: Strikes out looking
|
|
Batting: SHB Manny Berrones
|
0-0: Called Strike 0-1: Called Strike 0-2: Ball 1-2: Foul Ball, location: 2F 1-2: Strikes out swinging
|
| Bottom of the 4th over - 0 runs, 0 hits, 0 errors, 0 left on base; Great Falls 1 - Burlington 0 |
| TOP OF THE 5TH |
|
Great Falls Voyagers batting - Pitching for Burlington Royals : RHP Steve Ryals
|
|
Batting: RHB Juan Tovar
|
0-0: Called Strike 0-1: SINGLE (Groundball, 4, EV 96.9 MPH)
|
|
Batting: RHB Kasey Bland
|
0-0: Foul Ball, location: 2F 0-1: Ball 1-1: Ball 2-1: Ball Wild Pitch! Juan Tovar to second 3-1: Ground out 4-3 (Groundball, 4S, EV 90.6 MPH) Juan Tovar to third
|
|
Batting: RHB Duncan Collins
|
0-0: Ball 1-0: Ball 2-0: Called Strike 2-1: Ball 3-1: Base on Balls
|
|
Batting: LHB Josh Pittman
|
0-0: Called Strike 0-1: Foul Ball, location: 2F 0-2: Foul Ball, location: 2F 0-2: DOUBLE (Line Drive, 78XD, EV 106.3 MPH) Juan Tovar scores Duncan Collins to third
|
|
Batting: LHB Carlos Ramirez
|
0-0: Ball 1-0: Ball 2-0: Called Strike 2-1: Foul Ball, location: 2F 2-2: Ball Passed Ball! Duncan Collins scores Josh Pittman to third 3-2: Foul Ball, location: 2F 3-2: Fly out, F8 (Flyball, 8LXD, EV 104.4 MPH) Runner from 3rd tags up, SCORES, no throw by CF
|
|
Batting: RHB Josh Newby
|
0-0: Ball 1-0: Ground out U3 (Groundball, 13, EV 91.3 MPH)
|
| Top of the 5th over - 3 runs, 2 hits, 0 errors, 0 left on base; Great Falls 4 - Burlington 0 |
| BOTTOM OF THE 5TH |
|
Burlington Royals batting - Pitching for Great Falls Voyagers : LHP David Schultz
|
|
Batting: SHB Danny Ballenger
|
0-0: Foul Ball, location: 2F 0-1: Ball 1-1: Swinging Strike 1-2: Ball 2-2: Ball 3-2: Strikes out looking
|
|
Batting: LHB Bobby Gonzalez
|
0-0: Ball 1-0: SINGLE (Groundball, 4S, EV 63.1 MPH) (infield hit)
|
|
Batting: RHB Rob Ward
|
0-0: Ball 1-0: Called Strike 1-1: Called Strike 1-2: Ball 2-2: Ball 3-2: Strikes out swinging
|
|
Batting: SHB Marcos Cortez
|
Pickoff Throw to First - Error! E1 Bobby Gonzalez to second 0-0: Called Strike 0-1: Ground out 4-3 (Groundball, 4, EV 85.0 MPH)
|
| Bottom of the 5th over - 0 runs, 1 hit, 1 error, 1 left on base; Great Falls 4 - Burlington 0 |
| TOP OF THE 6TH |
|
Great Falls Voyagers batting - Pitching for Burlington Royals : RHP Steve Ryals
|
|
Batting: RHB Chris LaMore
|
0-0: Foul Ball, location: 2F 0-1: Ball 1-1: Called Strike 1-2: Strikes out looking
|
|
Batting: SHB Jose Romo
|
0-0: Called Strike 0-1: Foul Ball, location: 2F 0-2: Ball 1-2: Ball 2-2: Foul Ball, location: 2F 2-2: Foul Ball, location: 2F 2-2: Ground out 4-3 (Groundball, 4M, EV 90.6 MPH)
|
|
Batting: RHB Billy Grubbs
|
0-0: Called Strike 0-1: Ball 1-1: Fly out, F7 (Flyball, 7D, EV 96.3 MPH)
|
| Top of the 6th over - 0 runs, 0 hits, 0 errors, 0 left on base; Great Falls 4 - Burlington 0 |
| BOTTOM OF THE 6TH |
|
Burlington Royals batting - Pitching for Great Falls Voyagers : LHP David Schultz
|
|
Batting: RHB Shane Bruce
|
0-0: Foul Ball, location: 2F 0-1: Foul Ball, location: 2F 0-2: Ball 1-2: Ground out 5-3 (Groundball, 56S, EV 88.8 MPH)
|
|
Batting: RHB Matthew Orphan
|
0-0: Swinging Strike 0-1: Swinging Strike 0-2: Ball 1-2: Foul Ball, location: 2F 1-2: Strikes out swinging
|
|
Batting: RHB Tim Persson
|
0-0: Swinging Strike 0-1: Ball 1-1: Foul Ball, location: 2F 1-2: Strikes out swinging
|
| Bottom of the 6th over - 0 runs, 0 hits, 0 errors, 0 left on base; Great Falls 4 - Burlington 0 |
| TOP OF THE 7TH |
|
Great Falls Voyagers batting - Pitching for Burlington Royals : RHP Steve Ryals
|
|
Pitching: RHP Tim Tucker
|
|
|
Batting: RHB Juan Tovar
|
0-0: Ball 1-0: Ball 2-0: Called Strike 2-1: Ball 3-1: Swinging Strike 3-2: SINGLE (Groundball, 6MD, EV 95.6 MPH)
|
|
Batting: RHB Kasey Bland
|
0-0: Fielders Choice at 2nd, 6-4 (Groundball, 6, EV 86.3 MPH)
|
|
Batting: RHB Duncan Collins
|
0-0: Ball Kasey Bland steals 2nd base 1-0: Called Strike 1-1: Ball Passed Ball! Kasey Bland to third 2-1: Ball 3-1: Foul Ball, location: 2F 3-2: Base on Balls
|
|
Batting: LHB Josh Pittman
|
0-0: Foul Ball, location: 2F 0-1: Foul Ball, location: 2F 0-2: Strikes out looking
|
|
Batting: LHB Carlos Ramirez
|
0-0: Called Strike 0-1: SINGLE (Flyball, 5D, EV 91.9 MPH) Kasey Bland scores Duncan Collins to second
|
|
Batting: RHB Josh Newby
|
0-0: Called Strike 0-1: Ball 1-1: Foul Ball, location: 2F 1-2: SINGLE (Flyball, 78S, EV 88.1 MPH) Duncan Collins to third Carlos Ramirez to second Runner from 3rd tries for Home, SAFE, throw by LF to home
|
|
Batting: RHB Chris LaMore
|
0-0: Ball 1-0: Ball 2-0: Foul Ball, location: 2F 2-1: Swinging Strike 2-2: Ball 3-2: Foul Ball, location: 2F 3-2: Foul Ball, location: 2F 3-2: Foul Ball, location: 2F 3-2: Strikes out swinging
|
| Top of the 7th over - 2 runs, 3 hits, 0 errors, 2 left on base; Great Falls 6 - Burlington 0 |
| BOTTOM OF THE 7TH |
|
Burlington Royals batting - Pitching for Great Falls Voyagers : LHP David Schultz
|
|
Pitching: RHP Brian Wesolek
|
|
|
Batting: LHB Ernesto Abreu
|
0-0: Foul Ball, location: 2F 0-1: Ball 1-1: Ball 2-1: Foul Ball, location: 2F 2-2: Ball 3-2: SINGLE (Groundball, 4MD, EV 101.9 MPH)
|
|
Batting: SHB Manny Berrones
|
0-0: Swinging Strike 0-1: DOUBLE (Line Drive, 89D, EV 107.5 MPH) Ernesto Abreu to third Runner from 3rd tries for Home, SAFE, throw by CF to trailing runner, OUT at third! 8-3-5
|
|
Batting: SHB Danny Ballenger
|
0-0: Called Strike 0-1: Called Strike 0-2: Ball 1-2: Ball 2-2: Ball 3-2: Foul Ball, location: 2F 3-2: Strikes out looking
|
|
Batting: LHB Bobby Gonzalez
|
0-0: Foul Ball, location: 2F 0-1: Ball 1-1: Called Strike 1-2: Ball 2-2: Foul Ball, location: 2F 2-2: SINGLE (Line Drive, 56, EV 111.9 MPH)
|
|
Batting: RHB Rob Ward
|
0-0: Called Strike 0-1: Ball Bobby Gonzalez is caught stealing 2nd base 2-4
|
| Bottom of the 7th over - 1 run, 3 hits, 0 errors, 0 left on base; Great Falls 6 - Burlington 1 |
| TOP OF THE 8TH |
|
Great Falls Voyagers batting - Pitching for Burlington Royals : RHP Tim Tucker
|
|
Batting: SHB Jose Romo
|
0-0: Ground out 4-3 (Groundball, 4, EV 85.0 MPH)
|
|
Batting: RHB Billy Grubbs
|
0-0: Called Strike 0-1: Ball 1-1: Ball 2-1: Ball 3-1: Fly out, F8 (Flyball, 8LXD, EV 101.9 MPH)
|
|
Batting: RHB Juan Tovar
|
0-0: Ball 1-0: Ball 2-0: Ball 3-0: Called Strike 3-1: Base on Balls
|
|
Batting: RHB Kasey Bland
|
0-0: Called Strike 0-1: Foul Ball, location: 2F 0-2: Foul Ball, location: 2F 0-2: SINGLE (Groundball, 25, EV 75.0 MPH) (infield hit) Juan Tovar to second
|
|
Batting: RHB Duncan Collins
|
0-0: Ball 1-0: Ball 2-0: Ball 3-0: Called Strike 3-1: Foul Ball, location: 2F 3-2: Foul Ball, location: 2F 3-2: Strikes out looking
|
| Top of the 8th over - 0 runs, 1 hit, 0 errors, 2 left on base; Great Falls 6 - Burlington 1 |
| BOTTOM OF THE 8TH |
|
Burlington Royals batting - Pitching for Great Falls Voyagers : RHP Brian Wesolek
|
|
Batting: RHB Rob Ward
|
0-0: Ball 1-0: Ball 2-0: Ground out 3-1 (Groundball, 34D, EV 105.0 MPH)
|
|
Batting: SHB Marcos Cortez
|
0-0: Ball 1-0: Called Strike 1-1: Ball 2-1: Swinging Strike 2-2: Strikes out swinging
|
|
Batting: RHB Shane Bruce
|
0-0: Called Strike 0-1: Ground out 5-3 (Groundball, 5, EV 106.3 MPH)
|
| Bottom of the 8th over - 0 runs, 0 hits, 0 errors, 0 left on base; Great Falls 6 - Burlington 1 |
| TOP OF THE 9TH |
|
Great Falls Voyagers batting - Pitching for Burlington Royals : RHP Tim Tucker
|
|
Batting: LHB Josh Pittman
|
0-0: Ball 1-0: Foul Ball, location: 2F 1-1: Ball 2-1: Swinging Strike 2-2: Foul Ball, location: 2F 2-2: Foul Ball, location: 2F 2-2: Strikes out looking
|
|
Batting: LHB Carlos Ramirez
|
0-0: Called Strike 0-1: Ball 1-1: Called Strike 1-2: Strikes out swinging, 2-3 out at first.
|
|
Pitching: RHP Tony Jimenez
|
|
|
Batting: RHB Josh Newby
|
0-0: Ball 1-0: Foul Ball, location: 2F 1-1: Ball 2-1: Foul Ball, location: 2F 2-2: SINGLE (Groundball, 34D, EV 103.1 MPH)
|
|
Batting: RHB Chris LaMore
|
0-0: Foul Ball, location: 2F 0-1: Swinging Strike 0-2: Ball 1-2: Strikes out swinging
|
| Top of the 9th over - 0 runs, 1 hit, 0 errors, 1 left on base; Great Falls 6 - Burlington 1 |
| BOTTOM OF THE 9TH |
|
Burlington Royals batting - Pitching for Great Falls Voyagers : RHP Brian Wesolek
|
|
Batting: RHB Matthew Orphan
|
0-0: Foul Ball, location: 2F 0-1: Ball 1-1: Ball 2-1: Called Strike 2-2: Ball 3-2: Ground out 6-3 (Groundball, 6, EV 85.0 MPH)
|
|
Pitching: LHP Jeremy Soliday
|
|
|
Batting: RHB Tim Persson
|
0-0: Ball 1-0: Called Strike 1-1: Ball 2-1: Called Strike 2-2: Ball 3-2: Strikes out swinging
|
|
Batting: LHB Ernesto Abreu
|
0-0: Ball 1-0: Ball 2-0: Foul Ball, location: 2F 2-1: Called Strike 2-2: Ball 3-2: Ground out 6-3 (Groundball, 6, EV 90.0 MPH)
|
| Bottom of the 9th over - 0 runs, 0 hits, 0 errors, 0 left on base; Great Falls 6 - Burlington 1 |
|